[Event "Titled Tuesday Blitz December 06 Early 2022"]
[White "Sailer, Mike"]
[Black "Devaev, Alexander"]
[WhiteFideId "2012901"]
[BlackFideId "4169395"]
[WhiteElo "2109"]
[BlackElo "2225"]
[Result "0-1"]
[Round "02"]
[TimeControl "180+1"]
[Date "2022.12.07"]
[WhiteClock "0:00:03"]
[BlackClock "0:01:32"]

1. Nf3 Nf6 2. c4 c5 3. Nc3 e6 4. g3 Be7 5. Bg2 O-O 6. O-O Nc6 7. d4 cxd4 8. Nxd4 Ne5 9. b3 d6 10. Bb2 a6 11. f4 Ng6 12. e4 Re8 13. h3 Qc7 14. Rc1 Rb8 15. a4 Bf8 16. Kh2 b6 17. Qe2 Bb7 18. Rfd1 Nd7 19. h4 Be7 20. h5 Ngf8 21. Qg4 Nf6 22. Qh3 h6 23. Bf3 N6h7 24. Rd2 Nd7 25. Rcd1 Nc5 26. b4 Nd7 27. Nxe6 fxe6 28. Qxe6+ Kh8 29. Nd5 Bxd5 30. exd5 Bf6 31. Qf7 Re7 32. Qg6 Bxb2 33. Rxb2 Qxc4 34. Bg4 Ndf8 35. Qxd6 Rbe8 36. Be6 Nxe6 37. dxe6 Rxe6 38. Qd7 Re2+ 39. Rxe2 Qxe2+ 40. Kh3 Qxh5+ 41. Kg2 Qe2+ 42. Kh3 Nf6 43. Qd4 Qg4+ 44. Kg2 Re2+ 45. Kf1 Qf3+ 46. Kg1 Qg2# 0-1


[Site "https://www.chess.com"]

[Event "Titled Tuesday Blitz December 06 Early 2022"]
[White "Salem, A.R. Saleh"]
[Black "Volkov, Maksim"]
[WhiteFideId "9301348"]
[BlackFideId "54123070"]
[WhiteElo "2633"]
[BlackElo "2257"]
[Result "0-1"]
[Round "02"]
[TimeControl "180+1"]
[Date "2022.12.06"]
[WhiteClock "0:00:31"]
[BlackClock "0:00:44"]

1. d4 d5 2. c4 e6 3. Nf3 Nf6 4. g3 dxc4 5. Bg2 a6 6. O-O Nc6 7. a4 Rb8 8. a5 b5 9. axb6 cxb6 10. Ne5 Nxe5 11. dxe5 Nd7 12. Bf4 Be7 13. Nd2 b5 14. Ne4 O-O 15. Qc2 Bb7 16. Rfd1 Qc7 17. h4 Nc5 18. Ng5 g6 19. Bxb7 Qxb7 20. Nf3 Nb3 21. Rab1 Rfd8 22. h5 Rxd1+ 23. Rxd1 Rd8 24. Rxd8+ Bxd8 25. h6 Qd5 26. Qb1 a5 27. Be3 a4 28. Qe1 Be7 29. Bg5 Bxg5 30. Nxg5 Qd2 31. Nf3 Qxe1+ 32. Nxe1 c3 33. bxc3 a3 34. Nc2 a2 35. f4 Kf8 36. Kf2 Ke7 37. Ke3 a1=Q 38. Nxa1 Nxa1 39. g4 Nb3 40. Kd3 Kd7 41. g5 Na5 42. Kd4 Kc6 43. e3 Nb3+ 44. Ke4 Kc5 45. Kd3 Kd5 0-1


[Site "https://www.chess.com"]

[Event "Titled Tuesday Blitz December 06 Early 2022"]
[White "Salinas Herrera, Pablo"]
[Black "Bambino Filho, Antonio Carlos"]
[WhiteFideId "3407128"]
[BlackFideId "2113163"]
[WhiteElo "2557"]
[BlackElo "2424"]
[Result "1-0"]
[Round "02"]
[TimeControl "180+1"]
[Date "2022.12.07"]
[WhiteClock "0:02:29"]
[BlackClock "0:01:30"]

1. Nf3 c5 2. g3 Nc6 3. Bg2 g6 4. O-O Bg7 5. Re1 e5 6. e4 Nge7 7. Nc3 O-O 8. d3 d6 9. Nd5 Nxd5 10. exd5 Ne7 11. c4 h6 12. Rb1 f5 13. b4 b6 14. a4 g5 15. a5 f4 16. Nd2 Nf5 17. Ne4 Nd4 18. Bb2 g4 19. bxc5 bxc5 20. Bc3 f3 21. Bf1 Bf5 22. Rb7 Bxe4 23. Rxe4 h5 24. h3 Qc8 25. a6 Rf7 26. Qb1 Ne2+ 27. Bxe2 fxe2 28. hxg4 hxg4 29. Rxe2 Qf5 30. Rxf7 Qxf7 31. Qb7 Qxb7 32. axb7 Rb8 33. Rb2 Kf7 34. Ba5 1-0


[Site "https://www.chess.com"]

[Event "Titled Tuesday Blitz December 06 Early 2022"]
[White "Salman, Pavel"]
[Black "Zaichenko, Daria"]
[WhiteFideId "24153753"]
[BlackFideId "4197453"]
[WhiteElo "2187"]
[BlackElo "2039"]
[Result "1-0"]
[Round "02"]
[TimeControl "180+1"]
[Date "2022.12.07"]
[WhiteClock "0:00:32"]
[BlackClock "0:00:08"]

1. Nf3 Nf6 2. g3 d5 3. Bg2 e6 4. O-O Be7 5. d3 O-O 6. Nbd2 c5 7. Re1 Nc6 8. e4 dxe4 9. dxe4 e5 10. c3 Be6 11. Qe2 a6 12. Nc4 Qc7 13. a4 b5 14. axb5 axb5 15. Rxa8 Rxa8 16. Na3 b4 17. Nc4 bxc3 18. bxc3 Ra4 19. Nfd2 h6 20. Ne3 Ra2 21. Nd5 Qd6 22. Qd3 Nd7 23. Nc4 Qb8 24. Be3 Kf8 25. Rb1 Qa7 26. Nxe7 Nxe7 27. Bf1 f5 28. Qd6 Ra6 29. Qd1 fxe4 30. Nd6 Rb6 31. Nxe4 Rxb1 32. Qxb1 Nd5 33. Qe1 Qa3 34. Qe2 Kg8 35. Qc4 Nf4 36. Bxc5 Qa5 37. Qb4 Qxb4 38. cxb4 Nxc5 39. Nxc5 Kf7 40. gxf4 exf4 41. Nxe6 Kxe6 42. Kg2 1-0


[Site "https://www.chess.com"]

[Event "Titled Tuesday Blitz December 06 Early 2022"]
[White "Samaganova, Aleksandra"]
[Black "Bilan, Danila"]
[WhiteFideId "13800221"]
[BlackFideId "24161918"]
[WhiteElo "1864"]
[BlackElo "2182"]
[Result "1-0"]
[Round "02"]
[TimeControl "180+1"]
[Date "2022.12.07"]
[WhiteClock "0:01:07"]
[BlackClock "0:00:55"]

1. c4 c6 2. Nf3 d5 3. e3 Nf6 4. Nc3 e6 5. d4 Bd6 6. Bd3 Nbd7 7. O-O O-O 8. Re1 dxc4 9. Bxc4 e5 10. e4 Qc7 11. h3 exd4 12. Nxd4 Ne5 13. Be2 Ng6 14. Be3 Re8 15. Qc2 Bd7 16. Rac1 Rac8 17. a3 a6 18. b4 Bf4 19. Bd3 Qe5 20. Nf3 Qxe4 21. Nxe4 1-0


[Site "https://www.chess.com"]

[Event "Titled Tuesday Blitz December 06 Early 2022"]
[White "Saravana, Krishnan P."]
[Black "Guzman Moneo, Alberto"]
[WhiteFideId "5018382"]
[BlackFideId "2209616"]
[WhiteElo "2190"]
[BlackElo "2157"]
[Result "1-0"]
[Round "02"]
[TimeControl "180+1"]
[Date "2022.12.07"]
[WhiteClock "0:01:26"]
[BlackClock "0:00:01"]

1. c4 g6 2. Nc3 Bg7 3. g3 e5 4. Bg2 f5 5. d3 Nf6 6. e3 O-O 7. Nge2 d6 8. O-O Nc6 9. Rb1 a5 10. a3 g5 11. b4 axb4 12. axb4 f4 13. exf4 exf4 14. gxf4 gxf4 15. Nxf4 Bg4 16. f3 Bf5 17. Ne4 Nd4 18. Be3 Nd7 19. Ng3 c5 20. Nfh5 Bh8 21. f4 Qh4 22. Kh1 Nf6 23. Bxd4 cxd4 24. Nxf5 Qxh5 25. Bd5+ Rf7 26. Qxh5 Nxh5 27. Nh6+ Kg7 28. Nxf7 1-0


[Site "https://www.chess.com"]

[Event "Titled Tuesday Blitz December 06 Early 2022"]
[White "Sargissyan, Sargis"]
[Black "Yeremyan, Alen"]
[WhiteFideId "13303210"]
[BlackFideId "13308998"]
[WhiteElo "2109"]
[BlackElo "2159"]
[Result "0-1"]
[Round "02"]
[TimeControl "180+1"]
[Date "2022.12.07"]
[WhiteClock "0:00:12"]
[BlackClock "0:00:33"]

1. e4 Nf6 2. e5 Nd5 3. Nf3 d6 4. d4 Bg4 5. Be2 c6 6. h3 Bxf3 7. Bxf3 dxe5 8. dxe5 e6 9. O-O Nd7 10. Qe2 Qc7 11. Re1 O-O-O 12. c4 Ne7 13. Bf4 Nf5 14. Nd2 Bb4 15. Rad1 Nc5 16. Be4 Nd4 17. Qg4 h5 18. Qg5 Nxe4 19. Rxe4 Nf5 20. a3 Be7 21. Qxe7 Nxe7 22. Bg5 Rd7 23. Ree1 Nf5 24. Ne4 Rxd1 25. Rxd1 Qxe5 0-1


[Site "https://www.chess.com"]

[Event "Titled Tuesday Blitz December 06 Early 2022"]
[White "Sargsyan, Anna M."]
[Black "Begunov, Konstantin"]
[WhiteFideId "13308130"]
[BlackFideId "4118510"]
[WhiteElo "2284"]
[BlackElo "2141"]
[Result "1-0"]
[Round "02"]
[TimeControl "180+1"]
[Date "2022.12.07"]
[WhiteClock "0:01:34"]
[BlackClock "0:00:19"]

1. d4 d5 2. c4 c6 3. Nf3 Nf6 4. Nc3 dxc4 5. a4 Bg4 6. Ne5 Bh5 7. Nxc4 e6 8. Qb3 Na6 9. Bf4 Nb4 10. e3 c5 11. Nb5 Nfd5 12. Nbd6+ Bxd6 13. Bxd6 b6 14. dxc5 bxc5 15. Bxc5 Rb8 16. Nd6+ Kd7 17. Bb5+ Kc7 18. Rc1 Qxd6 19. Bxb4+ 1-0


[Site "https://www.chess.com"]

[Event "Titled Tuesday Blitz December 06 Early 2022"]
[White "Sava, Christiansen-Danut-Eugen"]
[Black "Mendez Fortes, Eduardo Jesus"]
[WhiteFideId "1210114"]
[BlackFideId "3502376"]
[WhiteElo "1904"]
[BlackElo "2307"]
[Result "0-1"]
[Round "02"]
[TimeControl "180+1"]
[Date "2022.12.07"]
[WhiteClock "0:01:04"]
[BlackClock "0:02:21"]

1. d4 Nf6 2. c4 e6 3. g3 d5 4. Bg2 dxc4 5. Qa4+ Bd7 6. Qxc4 Bc6 7. Nf3 Nbd7 8. O-O Be7 9. Qc2 O-O 10. Nc3 a6 11. a3 b5 12. b4 a5 13. bxa5 Rxa5 14. Bb2 Qa8 15. Nh4 Bxg2 16. Nxg2 c5 17. dxc5 Nxc5 18. Nf4 Rc8 19. Rfc1 Na4 20. Qb3 Nxb2 21. Qxb2 Bxa3 22. Rxa3 Rxa3 23. Nxb5 Rxc1+ 24. Qxc1 Ra1 0-1


[Site "https://www.chess.com"]

[Event "Titled Tuesday Blitz December 06 Early 2022"]
[White "Shubenkova, Veronika"]
[Black "Flis, Pawel"]
[WhiteFideId "44124040"]
[BlackFideId "1112864"]
[WhiteElo "2027"]
[BlackElo "1817"]
[Result "1-0"]
[Round "02"]
[TimeControl "180+1"]
[Date "2022.12.07"]
[WhiteClock "0:01:44"]
[BlackClock "0:00:01"]

1. e4 c5 2. Nc3 d6 3. g3 Nc6 4. Bg2 g6 5. f4 Bg7 6. Nf3 e6 7. d3 Nge7 8. Be3 Rb8 9. Rb1 b5 10. O-O O-O 11. Ne2 b4 12. d4 cxd4 13. Nexd4 Nxd4 14. Nxd4 Qa5 15. Nb3 Qc7 16. Rf2 Bb7 17. Rd2 Rfd8 18. Qe2 a5 19. Nd4 d5 20. e5 Rbc8 21. Nb5 Qc4 22. Nd6 Qxe2 23. Rxe2 Rb8 24. c3 Nc8 25. Nxb7 Rxb7 26. c4 Ne7 27. Bc5 Rdd7 28. Bxe7 Rxe7 29. cxd5 exd5 30. Bxd5 Rbd7 31. Bc6 Rd4 32. Bf3 Red7 33. Rc1 h5 34. Rc8+ Kh7 35. Kg2 Rd2 36. Rc2 Rxe2+ 37. Rxe2 Bf8 38. Be4 Kg7 39. f5 gxf5 40. Bxf5 Rd5 41. h3 Bc5 42. g4 hxg4 43. Bxg4 Bd4 44. e6 fxe6 45. Bxe6 Rg5+ 46. Kf3 Re5 47. Rg2+ Kf6 48. Bc4 Rg5 49. Rd2 Be5 50. b3 Rh5 51. Kg4 1-0


[Site "https://www.chess.com"]

[Event "Titled Tuesday Blitz December 06 Early 2022"]
[White "Shuvalov, Evgenij"]
[Black "Mrudul Dehankar"]
[WhiteFideId "4187237"]
[BlackFideId "25096990"]
[WhiteElo "2049"]
[BlackElo "2139"]
[Result "0-1"]
[Round "02"]
[TimeControl "180+1"]
[Date "2022.12.07"]
[WhiteClock "0:00:15"]
[BlackClock "0:01:14"]

1. e4 c5 2. c3 g6 3. d4 cxd4 4. cxd4 d5 5. e5 Nc6 6. h3 Bg7 7. Nf3 Nh6 8. Nc3 O-O 9. g4 f6 10. Bg2 Nf7 11. Bf4 fxe5 12. dxe5 d4 13. Nb5 Qa5+ 14. Qd2 Qxb5 15. Qe2 Qxe2+ 16. Kxe2 Nfxe5 17. Bxe5 Nxe5 18. Nxe5 Bxe5 19. Rac1 Be6 20. b3 Bf4 21. Rcd1 Rfd8 22. Bxb7 Rab8 23. Be4 Rbc8 24. Kf3 Be5 25. Rhe1 Bg7 26. Kg2 Bf7 27. Bd3 e5 28. Re2 Rc3 29. Rdd2 Bd5+ 30. f3 Rf8 31. Rf2 Bh6 32. Rd1 Be3 33. Rff1 Rc7 34. Be4 Bxe4 35. fxe4 Rc2+ 36. Kg3 Rxf1 37. Rxf1 Rxa2 38. Rf6 Bf4+ 39. Kf3 Rb2 40. Rd6 Rxb3+ 41. Ke2 d3+ 42. Rxd3 Rxd3 43. Kxd3 h5 44. Kc4 a5 45. Kb5 Bd2 46. gxh5 gxh5 47. Ka4 Kf7 0-1


[Site "https://www.chess.com"]

[Event "Titled Tuesday Blitz December 06 Early 2022"]
[White "Shyaamnikhil P"]
[Black "Grot, Blazej"]
[WhiteFideId "5024218"]
[BlackFideId "21835845"]
[WhiteElo "2389"]
[BlackElo "1823"]
[Result "1-0"]
[Round "02"]
[TimeControl "180+1"]
[Date "2022.12.07"]
[WhiteClock "0:01:10"]
[BlackClock "0:00:02"]

1. b3 e5 2. Bb2 d6 3. e3 Nd7 4. g3 Ngf6 5. Bg2 g6 6. Ne2 Bg7 7. O-O O-O 8. c4 c6 9. Nbc3 Qc7 10. d4 Re8 11. Rc1 Nf8 12. h3 Ne6 13. Kh2 a5 14. d5 Nc5 15. dxc6 bxc6 16. Ba3 Be6 17. Bxc5 dxc5 18. Na4 Rad8 19. Qc2 e4 20. Rfd1 Qe5 21. Qc3 Qh5 22. Nf4 Qxd1 23. Rxd1 Rxd1 24. Qxa5 Bf5 25. Nxc5 Red8 26. g4 Bxg4 27. hxg4 Nxg4+ 28. Kg3 h5 29. Nxe4 Be5 30. Bf3 Rg1+ 31. Kh4 Bf6+ 32. Nxf6+ Nxf6 33. Qxd8+ Kg7 34. Ne6+ fxe6 35. Qe7+ Kh6 36. Qf8+ Kh7 37. Qxf6 1-0


[Site "https://www.chess.com"]

[Event "Titled Tuesday Blitz December 06 Early 2022"]
[White "Simonovic, Miroslav"]
[Black "Barria Zuniga, Daniel"]
[WhiteFideId "919152"]
[BlackFideId "3400816"]
[WhiteElo "2057"]
[BlackElo "2414"]
[Result "0-1"]
[Round "02"]
[TimeControl "180+1"]
[Date "2022.12.07"]
[WhiteClock "0:01:04"]
[BlackClock "0:02:00"]

1. d4 g6 2. h4 h5 3. Bg5 Bg7 4. c4 c5 5. e3 Nf6 6. Nc3 O-O 7. Bxf6 Bxf6 8. Nf3 Bg7 9. Qd2 Nc6 10. d5 Ne5 11. Nxe5 Bxe5 12. Bd3 d6 13. O-O-O a6 14. f4 Bg7 15. Ne4 b5 16. Ng5 bxc4 17. Bxc4 a5 18. Bd3 Rb8 19. b3 a4 20. Qc2 axb3 21. axb3 Qa5 22. Bxg6 fxg6 23. Qxg6 Bf5 24. Qxh5 Qc3# 0-1


[Site "https://www.chess.com"]

[Event "Titled Tuesday Blitz December 06 Early 2022"]
[White "Sipila, Vilka"]
[Black "Paiva, Henrique M A Albergaria"]
[WhiteFideId "505455"]
[BlackFideId "1920995"]
[WhiteElo "2348"]
[BlackElo "1993"]
[Result "1-0"]
[Round "02"]
[TimeControl "180+1"]
[Date "2022.12.07"]
[WhiteClock "0:01:09"]
[BlackClock "0:00:57"]

1. b3 e5 2. Bb2 Nc6 3. e3 d6 4. c4 Nf6 5. Nc3 Bf5 6. Nf3 Be7 7. d3 O-O 8. Be2 Bg6 9. O-O h6 10. a3 d5 11. cxd5 Nxd5 12. Qc2 Bf6 13. Ne4 Qe7 14. b4 a6 15. Nc5 Nd8 16. Rac1 Rb8 17. Ne4 c6 18. Nxf6+ gxf6 19. Qc4 Ne6 20. Qh4 Kh7 21. Qh3 Kg7 22. Rc4 Ng5 23. Qg3 Nc7 24. Nxe5 Nce6 25. Ng4 Nh7 26. Qh4 h5 27. Nxf6 Nxf6 28. f4 b5 29. Rxc6 Qd7 30. Qxf6+ Kh7 31. Rfc1 Bxd3 32. Bxd3+ Qxd3 33. Rxe6 Rg8 34. Qh6# 1-0


[Site "https://www.chess.com"]

[Event "Titled Tuesday Blitz December 06 Early 2022"]
[White "Skliarov, Viktor"]
[Black "Sarana, Alexey"]
[WhiteFideId "14106736"]
[BlackFideId "24133795"]
[WhiteElo "2284"]
[BlackElo "2708"]
[Result "0-1"]
[Round "02"]
[TimeControl "180+1"]
[Date "2022.12.06"]
[WhiteClock "0:00:06"]
[BlackClock "0:00:06"]

1. e4 c5 2. Nf3 d6 3. d4 cxd4 4. Qxd4 Nc6 5. Bb5 Bd7 6. Bxc6 Bxc6 7. Nc3 Nf6 8. Bg5 e6 9. O-O-O Be7 10. Rhe1 Qb6 11. Qd2 O-O 12. Kb1 Rfd8 13. Nd4 h6 14. Bh4 Rac8 15. f3 Be8 16. Bf2 Qa6 17. g4 b5 18. h4 b4 19. Nce2 Nd7 20. g5 h5 21. g6 Ne5 22. gxf7+ Bxf7 23. Rg1 Bf6 24. Qc1 d5 25. f4 Ng4 26. Rxg4 hxg4 27. e5 Be7 28. f5 exf5 29. Nxf5 Bf8 30. Ned4 Re8 31. Qf4 Bh5 32. Ng3 Qg6 33. Nxh5 Qxh5 34. Bg3 Bc5 35. Nb5 Qg6 36. h5 Qxh5 37. Nd6 Bxd6 38. exd6 Qg6 39. Qd2 Red8 40. Qxd5+ Qf7 41. Qd3 Rc5 42. a3 a5 43. axb4 axb4 44. Bh4 Rd7 45. Be7 Ra5 46. Kc1 Ra1+ 47. Kd2 Qf4+ 48. Ke2 Qh2+ 49. Ke3 Qe5+ 50. Kf2 Qf4+ 51. Ke2 Qf3+ 52. Qxf3 gxf3+ 53. Kd2 Rxd1+ 54. Kxd1 g5 55. Ke1 g4 56. Kf2 Kf7 57. c4 bxc3 58. bxc3 Rxe7 59. dxe7 Kxe7 0-1


[Site "https://www.chess.com"]

[Event "Titled Tuesday Blitz December 06 Early 2022"]
[White "Slovineanu"]
[Black "Csonka, Balazs"]
[BlackFideId "742910"]
[WhiteElo "2222"]
[BlackElo "2404"]
[Result "0-1"]
[Round "02"]
[TimeControl "180+1"]
[Date "2022.12.07"]
[WhiteClock "0:00:12"]
[BlackClock "0:00:03"]

1. d4 d5 2. Nf3 Nf6 3. c4 e6 4. e3 b6 5. b3 Bb7 6. Bd3 Bd6 7. O-O O-O 8. Bb2 Nbd7 9. Nc3 a6 10. Rc1 Ne4 11. Ne2 f5 12. Ng3 Qe7 13. Qe2 Rf6 14. Rc2 a5 15. Rfc1 Rh6 16. cxd5 Bxd5 17. Rxc7 Bxc7 18. Rxc7 Nxg3 19. hxg3 Qd6 20. Qc2 Rf8 21. Qc1 Bxf3 22. gxf3 Qd5 23. Kg2 Ne5 24. e4 Nxd3 25. exd5 Nxc1 26. Bxc1 Rhf6 27. d6 R6f7 28. Rc6 Rb7 29. Bf4 Rd8 30. Be5 Kf7 31. g4 g6 32. Kg3 Ke8 33. Kf4 Kd7 34. Rc3 Rc8 35. Rc7+ Rbxc7 36. dxc7 h6 37. Ke3 Kc6 38. Kf4 Kd5 39. Kg3 Kc6 40. Kf4 Kd7 41. a4 Rg8 42. Kg3 h5 43. gxh5 gxh5+ 44. Kh4 Rg2 45. Kxh5 Rxf2 46. Kg5 Rxf3 47. Kf6 Rxb3 48. c8=Q+ Kxc8 49. Kxe6 Rb4 50. d5 f4 51. d6 Re4 52. Kd5 Rxe5+ 53. Kxe5 f3 54. Ke6 Kd8 0-1


[Site "https://www.chess.com"]

[Event "Titled Tuesday Blitz December 06 Early 2022"]
[White "Stijve, Theo"]
[Black "Osmonbekov, Talaibek"]
[WhiteFideId "1331132"]
[BlackFideId "2017253"]
[WhiteElo "2256"]
[BlackElo "2135"]
[Result "1-0"]
[Round "02"]
[TimeControl "180+1"]
[Date "2022.12.07"]
[WhiteClock "0:00:54"]
[BlackClock "0:00:06"]

1. e4 c5 2. a3 b6 3. b4 Bb7 4. d3 e6 5. c3 d5 6. exd5 Qxd5 7. Nf3 Nf6 8. Be2 Be7 9. O-O O-O 10. Nbd2 Nc6 11. bxc5 bxc5 12. Nc4 Rfd8 13. h3 h6 14. Be3 Rab8 15. Qa4 Nd7 16. Rab1 Nde5 17. Ncxe5 Nxe5 18. Qxa7 Nxd3 19. Bxd3 Qxd3 20. Rxb7 Ra8 21. Qb6 Bf6 22. Qxc5 Rac8 23. Rc7 Rxc7 24. Qxc7 Qxc3 25. Qxc3 Bxc3 26. Rb1 e5 27. a4 e4 28. Nh4 Rd5 29. g4 Ra5 30. Rb3 Bf6 31. Nf5 Rxa4 32. Rb8+ Kh7 33. Re8 Rc4 34. Nd6 Rc1+ 35. Bxc1 Bg5 36. Bxg5 hxg5 37. Nxf7 1-0


[Site "https://www.chess.com"]

[Event "Titled Tuesday Blitz December 06 Early 2022"]
[White "Suduvasachmatai"]
[Black "Mazurkiewicz, Michal"]
[BlackFideId "1124943"]
[WhiteElo "1860"]
[BlackElo "2081"]
[Result "1-0"]
[Round "02"]
[TimeControl "180+1"]
[Date "2022.12.07"]
[WhiteClock "0:00:11"]
[BlackClock "0:00:13"]

1. e4 d6 2. d4 Nf6 3. Nc3 c6 4. Nf3 Bg4 5. Be2 e6 6. O-O d5 7. Bg5 Be7 8. exd5 cxd5 9. Ne5 Bxe2 10. Qxe2 O-O 11. f4 Qb6 12. Qd2 Nc6 13. Nxc6 bxc6 14. f5 c5 15. dxc5 Qxc5+ 16. Kh1 d4 17. Bxf6 Bxf6 18. Ne4 Qe5 19. Nxf6+ Qxf6 20. fxe6 Qxe6 21. Qxd4 Rac8 22. c3 Qe2 23. b3 Rcd8 24. Qxa7 Rd2 25. Qg1 Rfd8 26. c4 h6 27. Rae1 Qg4 28. h3 Qg3 29. Qh2 Qg6 30. Rg1 Rxa2 31. Qc7 Rdd2 32. Re8+ Kh7 33. Qc8 Qg3 34. Rh8+ Kg6 35. Qc6+ Rd6 36. Qe4+ f5 37. Qe8+ Kg5 38. Qe7+ Kh5 39. Qf7+ Kh4 40. Qe7+ Rf6 41. Rxh6+ gxh6 42. Qxf6+ Qg5 43. Qd4+ f4 44. Qe4 Rf2 45. Qe1 Qg3 46. Qe7+ Kh5 47. Qf7+ Kg5 48. Qg7+ Kh4 49. Qxh6# 1-0


[Site "https://www.chess.com"]

[Event "Titled Tuesday Blitz December 06 Early 2022"]
[White "Sztokbant, Bernardo Vainzoff"]
[Black "Jiganchine, Roman"]
[WhiteFideId "2115956"]
[BlackFideId "2603667"]
[WhiteElo "2222"]
[BlackElo "2317"]
[Result "1/2-1/2"]
[Round "02"]
[TimeControl "180+1"]
[Date "2022.12.07"]
[WhiteClock "0:00:13"]
[BlackClock "0:00:11"]

1. d4 d5 2. c4 e6 3. Nf3 Nf6 4. g3 c6 5. Bg2 Be7 6. Nbd2 O-O 7. O-O Nbd7 8. Qc2 b6 9. e4 dxc4 10. Nxc4 Bb7 11. Rd1 c5 12. Nfe5 cxd4 13. Rxd4 Qc8 14. Nxd7 Nxd7 15. Qd1 Rd8 16. Bf4 Bc5 17. Nd6 Bxd6 18. Bxd6 e5 19. Rd2 Nc5 20. Rc1 Qe6 21. Bxc5 Rxd2 22. Qxd2 bxc5 23. b3 Qb6 24. Qc3 f6 25. Qxc5 Rc8 26. Qa3 Rd8 27. Qb2 Qa5 28. b4 Qa4 29. h4 h5 30. Bf3 Rd4 31. Rc7 Rxb4 32. Qd2 Bxe4 33. Bxe4 Rxe4 34. Qd5+ Kh7 35. Qf7 Qd1+ 36. Kh2 Qg4 37. Qxf6 Re2 38. Qf7 Qg6 39. Qxg6+ Kxg6 40. Rxa7 Rxf2+ 41. Kh3 e4 42. Re7 Re2 43. a4 e3 44. a5 Ra2 45. a6 Rxa6 46. Rxe3 Rf6 47. Kg2 Kh6 48. Rf3 Rxf3 49. Kxf3 g5 50. Ke4 gxh4 51. gxh4 Kg6 52. Ke5 Kh6 53. Kf6 Kh7 54. Kg5 Kg7 55. Kxh5 Kh7 56. Kg5 Kg7 57. h5 Kh7 58. h6 Kh8 59. Kg6 Kg8 60. h7+ Kh8 61. Kh6 1/2-1/2


[Site "https://www.chess.com"]

[Event "Titled Tuesday Blitz December 06 Early 2022"]
[White "Szyszylo, Rafal"]
[Black "Mikaelyan, Arman"]
[WhiteFideId "1109626"]
[BlackFideId "13304852"]
[WhiteElo "1981"]
[BlackElo "2456"]
[Result "0-1"]
[Round "02"]
[TimeControl "180+1"]
[Date "2022.12.07"]
[WhiteClock "0:00:02"]
[BlackClock "0:00:03"]

1. e4 c5 2. Nf3 Nc6 3. Bb5 e6 4. O-O Nge7 5. c3 d5 6. exd5 Qxd5 7. d4 cxd4 8. c4 Qd6 9. Qxd4 Qxd4 10. Nxd4 Bd7 11. Nxc6 Nxc6 12. Nc3 a6 13. Ba4 Bb4 14. Rd1 Ke7 15. Ne4 f5 16. Bg5+ Ke8 17. Nd6+ Bxd6 18. Rxd6 h6 19. Rad1 hxg5 20. Rxd7 b5 21. cxb5 Ne5 22. Rxg7 Kf8 23. Rb7 Rh4 24. Bb3 axb5 25. Bxe6 f4 26. f3 Rh6 27. Bb3 Nc4 28. Rdd7 Re6 29. h4 g4 30. fxg4 Re1+ 31. Kf2 Rb1 32. Bxc4 bxc4 33. Rh7 Kg8 34. Rbg7+ Kf8 35. Rh8+ Kxg7 36. Rxa8 Rxb2+ 37. Kf3 c3 38. Kxf4 Rb4+ 39. Kg5 Rb5+ 40. Kf4 Rc5 41. Re8 c2 42. Re1 c1=Q+ 43. Rxc1 Rxc1 44. h5 Rc2 45. g3 Rxa2 46. g5 Ra4+ 47. Kf5 Ra5+ 48. Kg4 Rb5 49. Kf4 Rb4+ 50. Kf5 Rb5+ 51. Kf4 Kf7 52. g4 Ke6 53. h6 Kf7 54. h7 Kg7 55. g6 Ra5 56. g5 Ra1 57. Kf5 Rg1 58. Kf4 Rf1+ 59. Kg4 Rh1 60. Kf5 Rh4 0-1


[Site "https://www.chess.com"]

[Event "Titled Tuesday Blitz December 06 Early 2022"]
[White "Tanenbaum, Zachary"]
[Black "Jain, Naveen"]
[WhiteFideId "2060850"]
[BlackFideId "5003970"]
[WhiteElo "2175"]
[BlackElo "2036"]
[Result "1-0"]
[Round "02"]
[TimeControl "180+1"]
[Date "2022.12.07"]
[WhiteClock "0:00:24"]
[BlackClock "0:00:09"]

1. e4 Nf6 2. e5 Nd5 3. d4 d6 4. Nf3 dxe5 5. Nxe5 c6 6. Be2 Bf5 7. c4 Nb4 8. Na3 Nd7 9. Nf3 e6 10. O-O Be7 11. Bd2 O-O 12. Qb3 a5 13. c5 Qc7 14. Bxb4 axb4 15. Qxb4 Nf6 16. Nc4 Nd5 17. Qd2 Bf6 18. Nfe5 Rfd8 19. Nd6 Rxd6 20. cxd6 Qxd6 21. Nf3 h6 22. a3 Nf4 23. Rfe1 Be4 24. Rad1 Rd8 25. Qe3 Nxe2+ 26. Qxe2 Bxf3 27. Qxf3 Bxd4 28. Rd2 e5 29. g3 b5 30. Rc1 c5 31. b3 b4 32. axb4 cxb4 33. Rc6 Qe7 34. Qe4 Qg5 35. Rdc2 Bc3 36. Kg2 h5 37. h4 Qe7 38. Ra2 Qd7 39. Raa6 Qd5 40. Qxd5 Rxd5 41. Rc7 Rd6 42. Rxd6 1-0


[Site "https://www.chess.com"]

[Event "Titled Tuesday Blitz December 06 Early 2022"]
[White "Tarlabasi, Emirhan"]
[Black "Forgacs, Attila Jr."]
[WhiteFideId "6350275"]
[BlackFideId "773654"]
[WhiteElo "2200"]
[BlackElo "2168"]
[Result "0-1"]
[Round "02"]
[TimeControl "180+1"]
[Date "2022.12.07"]
[WhiteClock "0:00:39"]
[BlackClock "0:00:18"]

1. Nf3 Nf6 2. c4 g6 3. b3 Bg7 4. Bb2 O-O 5. g3 d6 6. d4 Nc6 7. Bg2 e5 8. O-O Qe7 9. Nc3 exd4 10. Nxd4 Nxd4 11. Qxd4 Bf5 12. e4 Nxe4 13. Qxg7+ Kxg7 14. Nd5+ Qe5 15. Bxe5+ dxe5 16. Nxc7 Rac8 17. Nd5 Nc5 18. Rad1 Rfd8 19. Ne7 Rxd1 20. Rxd1 Rc7 21. Nxf5+ gxf5 22. Rd5 Nd7 23. Bh3 Kf6 24. f4 Ke6 25. g4 fxg4 26. Bxg4+ f5 27. Bh3 a6 28. Kf2 b5 29. fxe5 bxc4 30. bxc4 Rxc4 31. Rd6+ Ke7 32. Rxa6 Nxe5 33. Ke2 Ng4 34. a4 Rc2+ 35. Kd3 Rxh2 36. Bf1 Rh1 37. Bg2 Rd1+ 38. Ke2 Ra1 39. Bc6 h5 40. a5 h4 41. Ra7+ Kd6 42. Bf3 h3 43. a6 h2 44. Ra8 Ra2+ 45. Kd1 h1=Q+ 46. Bxh1 Nf2+ 47. Kc1 Nxh1 48. a7 Kc7 49. Kb1 Kb7 50. Rh8 Rxa7 51. Rxh1 Kc6 52. Kc2 Rd7 53. Rh5 Rd5 54. Kc3 Kd6 55. Rh4 Ke5 56. Kc4 Rd8 57. Kc3 f4 58. Rh7 Ke4 59. Re7+ Kf3 60. Kc2 Kf2 61. Kc1 f3 62. Rf7 Kg2 63. Rg7+ Kf1 64. Rf7 f2 65. Rf6 Rd5 66. Kc2 Ke2 67. Re6+ Kf3 68. Rf6+ Ke3 69. Re6+ Kf4 0-1


[Site "https://www.chess.com"]

[Event "Titled Tuesday Blitz December 06 Early 2022"]
[White "Tasev, Dejan"]
[Black "Skibbe, Willi"]
[WhiteFideId "936618"]
[BlackFideId "4682190"]
[WhiteElo "2253"]
[BlackElo "2359"]
[Result "1/2-1/2"]
[Round "02"]
[TimeControl "180+1"]
[Date "2022.12.07"]
[WhiteClock "0:00:53"]
[BlackClock "0:00:22"]

1. e4 e5 2. Nf3 Nc6 3. Bc4 Bc5 4. d3 Nf6 5. h3 d6 6. Be3 Bxe3 7. fxe3 O-O 8. Nc3 Na5 9. Bb3 Nxb3 10. axb3 d5 11. exd5 Nxd5 12. e4 Nf4 13. O-O Qd6 14. Ne2 f5 15. Nxf4 exf4 16. e5 Qe7 17. h4 h6 18. h5 Be6 19. Kf2 Rad8 20. Qd2 Bf7 21. Rh1 Bd5 22. Qxf4 Qc5+ 23. Kg3 Qxc2 24. Rac1 Qxd3 25. Rxc7 Bxf3 26. gxf3 Rd4 27. Qc1 Rg4+ 28. Kf2 Qd4+ 29. Kf1 Qd3+ 30. Kf2 Qd4+ 31. Kf1 Qd3+ 32. Kf2 1/2-1/2


[Site "https://www.chess.com"]